 BcadrenCrawl: Boulder Brew version 0.06-688-g08e91b2d95 (webtiles) character file.

Game seed: 5442860550892855829

125 Leeroy the Ducker (level 4, -1/54 HPs) Immature Draconian Merfolk. Began on Jan 31, 2023. Slain by a sewer rat (4 damage) ... on level 2 of the Dungeon. The game lasted 00:03:36 (790 turns).

Leeroy the Ducker (Immature Draconian Merfolk)       Turns: 790, Time: 00:03:36

Health: -1/54      AC:  7    Str: 16    XL:     4 ^: 17
Magic:  4/4        EV: 19    Int:  8    God:
Gold:   74         SH:  0    Dex: 19    Spells: 3/3 levels left

rFire    . . .     Slash    +   a - +0 long sword
rCold    + . .     Pierce   x   (no weapon)
rNeg     . . .     Bludgeon .   (armour unavailable)
rCorr    . . .     Vision   .   b - +0 hat
rPois    .         Gourm    .   m - +0 cloak
rElec    .         Faith    .   (no gloves)
MR       .....     Spirit   .   (boots currently unavailable)
HPRegen  0.28/turn Reflect  .   (no amulet)
MPRegen  0.14/turn Harm     .   i - ring of dexterity
Stlth    +++.......             (no ring)

@: very quick
A: cold resistance 1, deformed body 2, cold-blooded, merfolk tail, draconic
flesh, AC +6
a: Breathe Dart


You were on level 2 of the Dungeon.
You were not hungry.

You visited 1 branch of the dungeon, and saw 2 of its levels.

You collected 74 gold pieces.

Inventory:

Weapons
 a - a +0 long sword (weapon) Shields
 l - a +0 buckler
Armour
 b - a +0 hat (worn)
 m - a +0 cloak (worn)
Jewellery
 e - a cursed ring of teleportation {(Curse: rF-)}
 i - a ring of dexterity (left hand)
 n - an uncursed ring of protection from magic
Wands
 c - a wand of ensnaring (9)
Scrolls
 j - a scroll of blinking
 k - a scroll of enchantment
 o - 2 scrolls of torment
Potions
 g - a potion of curing
 h - a potion of amnesia
Comestibles
 d - 4 rations
 f - a chunk of flesh


   Skills:
 - Level 4.1 Fighting
 - Level 2.4 Long Blades
 + Level 4.9 Dodging
 - Level 2.0 Evocations


You had 3 spell levels left.
You didn't know any spells.
Your spell library was empty.

Dungeon Overview and Level Annotations

Branches:
Dungeon (2/8)

Altars:


Innate Abilities, Weirdness & Mutations

Your plain brown scales are resilient. (AC +6)
You can breathe rudimentary magical darts.
You are cold resistant. (rC+)
You cannot wear any armour on your peculiar form.
You are cold-blooded and are slowed more easily by cold attacks.
On contact with water, your feet merge into a fishtail, which allows you to swim quickly, evasively and stealthily.
Your scales resist being cut, but it's oddly easy to stick a small blade between them. (rSlashing+, rPiercing-)


Message History

You hit the sewer rat (3).
It is lacerated severely!
You hit the sewer rat but do no damage.
The sewer rat is heavily wounded. (6/11) HP You hear a shout! x4; You hear an angry hiss.
The sewer rat bites you but does no damage.
The sewer rat barely misses you.
You hear a shout!
You miss the sewer rat. You hit the sewer rat but do no damage.
The sewer rat is heavily wounded. (6/11) HP You hear a shout!
The sewer rat bites you (2).
You are perforated ruthlessly!
* * * LOW HITPOINT WARNING * * *
The sewer rat bites you but does no damage.
Unknown command.
You hit the sewer rat but do no damage. x2
The sewer rat is heavily wounded. (6/11) HP The sewer rat misses you.
You fails an attempted riposte.
You riposte.
You hit the sewer rat (2).
It is lacerated severely!
The sewer rat bites you (4).
You are perforated ruthlessly!
You die...

P# .### ≈b# ≈..
≈≈b <.# #
#.≈.≈≈. #.. ≈J.
#.≈..≈..#..##
≈w.
≈.≈≈.≈.≈≈.rK##
... ≈.≈≈...
#@r## ≈Z.
#.r..≈. ####r≈#
≈..
≈r≈≈≈≈r##≈#.r##
≈P.
#.≈P≈≈.#..r†..#
≈P#
#≈.≈≈..<≈≈#≈..#
#r≈≈≈≈..####≈≈≈#
#.≈≈≈≈... .≈≈##
#≈.≈≈≈.P.. .###
#######≈#...


You could see 4 submerged sewer rats and a kobold.

Vanquished Creatures
  2 giant cockroaches (D:1)
  5 sewer rats (D:2)
  3 cinder newts (D:1)
  An ooze (D:1)
  2 dart slugs (D:1)
  5 goblins (D:1)
  4 hobgoblins (D:1)
  2 jackals (D:2)
  2 kobolds (D:1)
  A bat (D:1)
  A rat (D:1)
28 creatures vanquished.

Vanquished Creatures (others)
  A withered plant (D:2)
1 creature vanquished.

Grand Total: 29 creatures vanquished

Notes
Turn   | Place    | Note
-------+----------+-------------------------------------------
     0 | D:1      | Leeroy the Immature Draconian Merfolk began the quest for
                  | the Orb.
     0 | D:1      | Reached XP level 1. HP: 27/27 MP: 1/1
    31 | D:1      | Reached XP level 2. HP: 33/36 MP: 2/2
   318 | D:1      | Reached XP level 3. HP: 45/45 MP: 3/3
   474 | D:1      | Reached XP level 4. HP: 54/54 MP: 4/4
   738 | D:2      | Noticed a water moccasin
   789 | D:2      | HP: 2/54 [sewer rat (2)]
   790 | D:2      | Slain by a sewer rat

Illustrated notes

Levels and vault maps discovered:
D:1:      dpeg_arrival_lava_altar, layout_rooms
D:2:      layout_sewer, kennysheep_little_box, elyvilon_niche,
          serial_column_ruins, column_ruins_hut_ruined, column_ruins_hut,
          column_ruins_columns_water, column_ruins_open_tiny,
          column_ruins_columns_straight, column_ruins_columns_straight,
          column_ruins_grid_1, column_ruins_open_tiny, first_ration,
          chequers_ecumenical_altar_simple, uniq_natasha

Skill      XL: |  1  2  3  4 |
---------------+-------------+-----
Fighting       | 3 4 |  4.1
Dodging        | 3 4 |  4.9
Long Blades    | |  2.4
Evocations     | |  2.0

Action                   |  1- 3 |  4- 6 || total
-------------------------+-------+-------++-------
Melee: Long sword        |    29 |    31 ||    60
       Unarmed           |    19 |    25 ||    44
       Peck              |     7 |     3 ||    10
 Stab: Sleeping          |     1 |       ||     1
Armor: Skin              |    11 |    14 ||    25
Dodge: Dodged            |    12 |    18 ||    30
       Rpst.: Long sword |     5 |     7 ||    12
